 Dungeon Crawl Stone Soup version 0.31-a0-1008-g5b978dac0e (webtiles) character file.

Game seed: 8142005830558720622

(classic levelgen) 18380 Amnesiac the Eclecticist (level 12, -1/66 (70) HPs)
             Began as a Djinni Conjurer on Nov 12, 2023.
             Was an Initiate of Ashenzari.
             Killed from afar by an orc sorcerer (23 damage)
             ... with a bolt of negative energy
             ... on level 2 of the Orcish Mines.
             The game lasted 00:31:21 (12668 turns).

Amnesiac the Eclecticist (Djinni Conjurer)         Turns: 12668, Time: 00:31:21

HP:   -1/66 (70)    AC: 14    Str:  8    XL:     12   Next: 94%
Gold: 1318          EV: 10    Int: 25    God:    Ashenzari [......] SH: 10 Dex: 22

rFire   + + .        L - +3 scimitar (flame)
rCold   x . .        K - +0 buckler
rNeg    . . .        D - +5 ring mail of Dice, Bag, and Bottle {Str+2 Dex+4}
rPois   ∞            r - +0 helmet
rElec   .            C - +1 cloak
rCorr   .            y - +0 pair of gloves
SInv    .            (boots unavailable)
Will    +....        E - amulet of reflection
Stlth   ++           h - +4 ring of slaying
HPRegen 0.31/turn    j - +6 ring of dexterity
MPRegen 0.00/turn

%: reflection, infuse magic (-2 HP)
@: flying, drained
A: sickness immunity, fire resistance 2, cold vulnerability 1, float, innate
caster, HP casting, extra vitality 1
a: Renounce Religion, Curse Item


You were on level 2 of the Orcish Mines.
You worshipped Ashenzari.
Ashenzari was noncommittal.
You visited 3 branches of the dungeon, and saw 13 of its levels.
You visited 1 bazaar.
You also visited: Bailey.

You collected 1568 gold pieces.
You spent 250 gold pieces at shops.

Inventory:

Hand Weapons
 L - a +3 scimitar of flaming (weapon)
 P - a +8 scimitar
Missiles
 I - 2 curare-tipped darts
 Q - a throwing net
Armour
 b - +0 acid dragon scales
 r - a +0 helmet (worn)
 y - a +0 pair of gloves (worn)
 C - a +1 cloak (worn)
 D - the +5 ring mail of Dice, Bag, and Bottle (worn) {Str+2 Dex+4}
   (You found it on level 7 of the Dungeon)

   Str+2:     It affects your strength (+2).
   Dex+4:     It affects your dexterity (+4).
 F - an orb of guile
 K - a +0 buckler (worn)
Jewellery
 h - a +4 ring of slaying (left hand)
 j - a +6 ring of dexterity (right hand)
 E - an amulet of reflection (around neck)
Wands
 H - a wand of polymorph (16)
 M - a wand of roots (6)
Scrolls
 c - 2 scrolls of fog {!r, unknown}
 d - 5 scrolls of teleportation {!r, unknown}
 e - 6 scrolls of immolation {!r}
 g - 8 scrolls of identify {!r, unknown}
 i - a scroll of amnesia {!r, unknown}
 m - 4 scrolls of noise {!r, unknown}
 p - a scroll of silence {!r, unknown}
 q - 3 scrolls of vulnerability {!r, unknown}
 s - a scroll of blinking {!r, unknown}
 u - a scroll of poison {!r, unknown}
 A - 3 scrolls of enchant weapon {!r, unknown}
 N - a scroll of fear {!r, unknown}
 O - a scroll of brand weapon {!r, unknown}
Potions
 a - a potion of lignification {!q, unknown}
 f - a potion of berserk rage {!q, unknown}
 k - 6 potions of curing {!q, unknown}
 l - a potion of magic {!q, unknown}
 n - 5 potions of mutation {!q, unknown}
 o - 4 potions of attraction {!q, unknown}
 t - 6 potions of invisibility {!q, unknown}
 v - 5 potions of might {!q, unknown}
 w - 2 potions of ambrosia {!q, unknown}
 x - 8 potions of heal wounds {!q}
 z - 5 potions of brilliance {!q, unknown}
 B - 2 potions of cancellation {!q, unknown}
 G - a potion of resistance {!q, unknown}
 J - a potion of enlightenment {!q, unknown}


   Skills:
 - Level 2.1 Dodging
 - Level 1.5 Stealth
 + Level 15.5 Spellcasting
 + Level 15.5 Conjurations
 + Level 15.5 Hexes
   Level 0.0 Charms
 + Level 15.5 Summonings
 + Level 15.5 Necromancy
 + Level 15.5 Translocations
 + Level 15.5 Transmutations
 + Level 15.5 Fire Magic
 + Level 15.5 Ice Magic
 + Level 15.5 Air Magic
 + Level 15.5 Earth Magic
 + Level 15.5 Poison Magic


You knew the following spells:

 Your Spells              Type           Power      Damage    Failure   Level
a - Magic Dart            Conj           100%       1d8       1%          1
b - Iskenderun's Mystic   Conj/Tloc      77%        2d15      1%          4
c - Fulminant Prism       Conj/Hex       38%        3d18      1%          4
d - Dazzling Flash        Conj/Hex       100%       N/A       1%          3
e - Searing Ray           Conj           100%       2d8       1%          2
f - Kiss of Death         Conj/Necr      100%       2d13      1%          1
g - Wereblood             Tmut           77%        N/A       1%          2
h - Ensorcelled Hibernat  Hex/Ice        100%       N/A       1%          2
i - Petrify               Tmut/Erth      77%        N/A       1%          4
j - Dispel Undead         Necr           77%        3d25      1%          4
Your spell library was empty.

Dungeon Overview and Level Annotations

Branches:
Dungeon (10/15)            Temple (1/1) D:5             Orc (2/2) D:10
    Elf (0/3) Orc:2        Bailey (visited)
   Lair: D:8-11

Altars:
Ashenzari
Cheibriados
Dithmenos
Elyvilon
Fedhas
Gozag
Hepliaklqana
Makhleb
Nemelex Xobeh
Okawaru
Qazlal
Ru
Trog
Uskayaw
Wu Jian
Xom
Yredelemnul
Zin
The Shining One

Shops:
D:4 !=*(   D:5 =

Annotations:
Orc:2 1 runed translucent door, Graknight's ghost, journeyman GrFi


Innate Abilities, Weirdness & Mutations

You are immune to sickness and miasma.
You are immune to poison.
Your flesh is very heat resistant. (rF++)
You are vulnerable to cold. (rC-)
You float through the air rather than walking.
You learn spells naturally, not from books.
Your magical power is your life essence.
You have superior vitality. (+4 MHP)


Message History

The saltling is severely damaged.
The saltling is knocked back by the mystic blast.
The saltling slams into the stone wall!
The saltling is almost destroyed.
The mystic blast hits the saltling!
You destroy the saltling!
You hear a shout!
Casting: Iskenderun's Mystic Blast (safe; 1% risk of failure)
Confirm with . or Enter, or press ? or * to list all spells.
You erupt in a blast of force!
The mystic blast hits the saltling.
The saltling is almost destroyed.
The saltling is knocked back by the mystic blast.
The saltling slams into the stone wall!
The saltling is almost destroyed.
An orc sorcerer comes into view.
It is wielding a +0 dagger and wearing a +2 robe of cold resistance.
Unknown command.
Casting: Iskenderun's Mystic Blast (safe; 1% risk of failure)
Confirm with . or Enter, or press ? or * to list all spells.
You erupt in a blast of force!
The mystic blast hits the saltling but does no damage.
The saltling is almost destroyed.
You block the saltling's attack.
Casting: Iskenderun's Mystic Blast (safe; 1% risk of failure)
Confirm with . or Enter, or press ? or * to list all spells.
You erupt in a blast of force!
The mystic blast hits the saltling.
The saltling is moderately damaged.
The saltling is knocked back by the mystic blast.
The mystic blast hits the saltling but does no damage.
The saltling is almost destroyed.
You block the saltling's attack.
Casting: Iskenderun's Mystic Blast (safe; 1% risk of failure)
Confirm with . or Enter, or press ? or * to list all spells.
You erupt in a blast of force!
The mystic blast hits the saltling!
You destroy the saltling!
* * * LOW HITPOINT WARNING * * *
Casting: Iskenderun's Mystic Blast (safe; 1% risk of failure)
Confirm with . or Enter, or press ? or * to list all spells.
You erupt in a blast of force!
The mystic blast hits the saltling.
The saltling is moderately damaged.
The saltling is knocked back by the mystic blast.
The saltling slams into the rock wall!
The saltling is heavily damaged.
* * * LOW HITPOINT WARNING * * *
The orc sorcerer gestures at you while chanting.
The bolt of fire misses you.
Casting: Iskenderun's Mystic Blast (safe; 1% risk of failure)
Confirm with . or Enter, or press ? or * to list all spells.
You erupt in a blast of force!
The mystic blast hits the saltling!!
You destroy the saltling!
* * * LOW HITPOINT WARNING * * *
The orc sorcerer casts a spell at you. The bolt of fire hits you. You resist.
* * * LOW HITPOINT WARNING * * *
There is a stone staircase leading up here.
Casting: Iskenderun's Mystic Blast (safe; 1% risk of failure)
Confirm with . or Enter, or press ? or * to list all spells.
Aiming: Fulminant Prism (safe; 1% risk of failure)
Press: ? - help, Dir - move target You conjure a prism of explosive energy!
* * * LOW HITPOINT WARNING * * *
A fulminant prism comes into view.
The orc sorcerer casts a spell at you. The bolt of negative energy hits you!!
You feel drained.
You die...

#......##........#.##
#.....)##...#.......#
#......#####.#...#.##
#.)....#$()#......## ####### ##
#).).#.#.~.#.....#.#####.....##.#
#[).####.~.#........#............
)....# #.~.#.......#......#...#..
.##.####W~.#..........##.........
####..###+##....@..#........#.#..
# #....#............o#..#.#.....#
# #..........#....#*...##99......
####........#..................88
.##......#............#..........
.#.....###.....#......#........8.
###....# #.................#....#
# ###.## ##.#........#...........
### ####......#...........


You could see an orc sorcerer (ally target) and a friendly fulminant prism.

Vanquished Creatures
  2 orc warlords
  Snorg (Orc:1)
  Erica (D:9)
  3 two-headed ogres (D:10)
  Urug (Orc:1)
  Pikel (D:9)
  3 orc knights
  An orc sorcerer (Orc:1)
  2 cyclopes
  Joseph (D:7)
  Maggie (D:10)
  2 kobold demonologists (D:10)
  Jeremiah (D:8)
  The ghost of Pangenus the Covered, an amateur AtFi of Uskayaw (D:6)
  6 saltlings (Orc:2)
  A wraith (D:9)
  2 steam dragons
  Grum (D:8)
  4 yaks (D:8)
  An acid dragon (D:10)
  3 wargs
  22 orc warriors
  3 water moccasins
  2 black bears
  A tengu (D:9)
  A centaur (D:9)
  2 wolves (D:8)
  4 ogres
  2 phantoms
  4 kobold brigands
  5 bullfrogs
  2 gnoll sergeants
  A scorpion (D:6)
  7 wights
  6 howler monkeys
  A sleepcap (D:6)
  2 hounds (D:6)
  9 orc priests
  2 gnoll boudas
  5 iguanas
  10 orc wizards
  5 adders
  31 gnolls
  A shadow imp (D:4)
  2 ufetubi (D:5)
  2 worms
  2 dart slugs
  72 orcs
  3 endoplasms
  A giant cockroach (D:4)
  15 goblins
  9 hobgoblins
  3 jackals (D:2)
  6 quokkas
  5 ball pythons
  7 bats
  2 frilled lizards
  14 kobolds
  5 rats
315 creatures vanquished.

Vanquished Creatures (others)
  An orc (Orc:2)
  41 fulminant prisms
42 creatures vanquished.

Grand Total: 357 creatures vanquished

Notes
Turn   | Place    | Note
-------+----------+-------------------------------------------
     0 | D:1      | Amnesiac the Djinni Conjurer began the quest for the Orb.
     0 | D:1      | Amnesiac set off with the following spells memorised: Magic
                  | Dart, Searing Ray, Dazzling Flash, Fulminant Prism,
                  | Iskenderun's Mystic Blast.
     0 | D:1      | Reached XP level 1. HP: 15/15 MP: 0/0
   137 | D:2      | Reached XP level 2. HP: 12/21 MP: 0/0
   196 | D:3      | Reached XP level 3. HP: 11/25 MP: 0/0
   196 | D:3      | Learned a level 1 spell: Kiss of Death
   380 | D:3      | Reached XP level 4. HP: 19/31 MP: 0/0
   452 | D:3      | Found a hazy altar of Hepliaklqana.
   485 | D:4      | Found Daho's Assorted Antiques.
   498 | D:4      | Bought a scroll labelled CAITZIRIEC for 29 gold pieces
   530 | D:4      | Found Fuj Kos's Distillery.
   552 | D:4      | Noticed a phantom
   561 | D:4      | Killed a phantom
   562 | D:4      | Reached skill level 5 in Spellcasting
   562 | D:4      | Reached skill level 5 in Conjurations
   562 | D:4      | Reached skill level 5 in Hexes
   562 | D:4      | Reached skill level 5 in Summonings
   562 | D:4      | Reached skill level 5 in Necromancy
   562 | D:4      | Reached skill level 5 in Translocations
   562 | D:4      | Reached skill level 5 in Transmutations
   562 | D:4      | Reached skill level 5 in Fire Magic
   562 | D:4      | Reached skill level 5 in Ice Magic
   562 | D:4      | Reached skill level 5 in Air Magic
   562 | D:4      | Reached skill level 5 in Earth Magic
   562 | D:4      | Reached skill level 5 in Poison Magic
   562 | D:4      | Reached XP level 5. HP: 24/35 MP: 0/0
   562 | D:4      | Learned a level 2 spell: Wereblood
   718 | D:4      | Reached XP level 6. HP: 17/40 MP: 0/0
   936 | D:4      | Noticed an ogre
   941 | D:4      | Killed an ogre
  1120 | D:3      | Identified the +0 cloak "Yllaideh" {rF+}
  1220 | D:4      | Found Vunuot's Weapon Emporium.
  1235 | D:4      | Found Luxost's Jewellery Emporium.
  1258 | D:4      | Found the amulet of Elemental Vulnerability {rPois rF--
                  | rC-- AC+8}
  1418 | D:5      | Entered Level 5 of the Dungeon
  1524 | D:5      | Reached XP level 7. HP: 38/45 MP: 0/0
  1524 | D:5      | Learned a level 2 spell: Ensorcelled Hibernation
  1731 | D:5      | Noticed a water moccasin
  1739 | D:5      | Killed a water moccasin
  1758 | D:5      | Found a staircase to the Ecumenical Temple.
  1767 | Temple   | Entered the Ecumenical Temple
  2769 | D:2      | Found a faded altar of an unknown god.
  3452 | D:3      | Found a glowing golden altar of the Shining One.
  3461 | D:3      | Found a sacrificial altar of Ru.
  3700 | D:5      | Noticed a water moccasin
  3707 | D:5      | Killed a water moccasin
  3708 | D:5      | Reached XP level 8. HP: 27/50 MP: 0/0
  3988 | D:5      | Found Toser's One-of-a-Kind Rings.
  4445 | D:4      | Bought a fizzy brown potion for 26 gold pieces
  4445 | D:4      | Bought 2 purple potions for 52 gold pieces
  4445 | D:4      | Bought a coppery potion for 26 gold pieces
  4445 | D:4      | Bought a bubbling green potion for 26 gold pieces
  4445 | D:4      | Bought a grey potion for 26 gold pieces
  4560 | D:4      | Bought a potion of heal wounds for 65 gold pieces
  5050 | D:6      | Found a runed translucent door.
  5055 | D:6      | Noticed Pangenus's ghost (amateur AtFi)
  5121 | D:6      | Found a shimmering altar of Xom.
  5128 | D:6      | Found a basalt altar of Yredelemnul.
  5259 | D:6      | Reached XP level 9. HP: 40/55 MP: 0/0
  5259 | D:6      | Learned a level 4 spell: Petrify
  5333 | D:6      | Killed Pangenus's ghost
  5558 | D:7      | Noticed Joseph
  5571 | D:7      | Killed Joseph
  5620 | D:7      | Identified the +5 ring mail of Dice, Bag, and Bottle {Str+2
                  | Dex+4}
  5805 | D:7      | Reached skill level 10 in Spellcasting
  5805 | D:7      | Reached skill level 10 in Conjurations
  5805 | D:7      | Reached skill level 10 in Hexes
  5805 | D:7      | Reached skill level 10 in Summonings
  5805 | D:7      | Reached skill level 10 in Necromancy
  5805 | D:7      | Reached skill level 10 in Translocations
  5805 | D:7      | Reached skill level 10 in Transmutations
  5805 | D:7      | Reached skill level 10 in Fire Magic
  5805 | D:7      | Reached skill level 10 in Ice Magic
  5805 | D:7      | Reached skill level 10 in Air Magic
  5805 | D:7      | Reached skill level 10 in Earth Magic
  5805 | D:7      | Reached skill level 10 in Poison Magic
  6122 | D:7      | Found a stormy altar of Qazlal.
  6134 | D:7      | Reached XP level 10. HP: 44/60 MP: 0/0
  6468 | D:8      | Noticed Jeremiah
  6487 | D:8      | Killed Jeremiah
  6508 | D:8      | Noticed Grum
  6538 | D:8      | Killed Grum
  7270 | D:9      | Found a broken altar of Ashenzari.
  7279 | D:9      | Noticed Maurice
  7280 | D:9      | Became a worshipper of Ashenzari the Shackled
  7281 | D:9      | Maurice changed into Maurice the tengu
  7281 | D:9      | Noticed Maurice
  7291 | D:9      | Killed Maurice the tengu
  7324 | D:9      | Noticed Erica
  7334 | D:9      | Killed Erica
  7604 | D:9      | Reached XP level 11. HP: 57/65 MP: 0/0
  7604 | D:9      | Learned a level 4 spell: Dispel Undead
  7624 | D:9      | Noticed Pikel
  7628 | D:9      | Killed Pikel
  8142 | D:10     | Entered Level 10 of the Dungeon
  8308 | D:10     | Found a flagged portal.
  8401 | Bailey   | Entered a bailey
  8490 | Bailey   | Noticed an orc knight
  8531 | Bailey   | Killed an orc knight
  9019 | D:10     | Noticed a two-headed ogre
  9027 | D:10     | Killed a two-headed ogre
  9086 | D:10     | Noticed a two-headed ogre
  9091 | D:10     | Killed a two-headed ogre
  9109 | D:10     | Noticed Maggie
  9122 | D:10     | Killed Maggie
  9311 | D:10     | Found a staircase to the Orcish Mines.
  9329 | D:10     | Noticed a two-headed ogre
  9344 | D:10     | Killed a two-headed ogre
 10057 | Orc:1    | Entered Level 1 of the Orcish Mines
 10065 | Orc:1    | Noticed a cyclops
 10068 | Orc:1    | Noticed an orc warlord
 10209 | D:10     | Killed a cyclops
 10241 | D:10     | Killed an orc warlord
 10242 | D:10     | Reached XP level 12. HP: 1/70 MP: 0/0
 10471 | Orc:1    | Noticed Urug
 10631 | Orc:1    | Killed Urug
 10814 | Orc:1    | Noticed Snorg
 10826 | Orc:1    | Killed Snorg
 11015 | Orc:1    | Found a transporter.
 11016 | Orc:1    | Found an ornate altar of the Wu Jian Council.
 11035 | Orc:1    | Found a transporter.
 11042 | Orc:1    | Found a transporter.
 11046 | Orc:1    | Found an ornate altar of the Wu Jian Council.
 11048 | Orc:1    | Found a transporter.
 11521 | Orc:1    | Noticed an orc warlord
 11702 | Orc:1    | Killed an orc warlord
 11703 | Orc:1    | Reached skill level 15 in Spellcasting
 11703 | Orc:1    | Reached skill level 15 in Conjurations
 11703 | Orc:1    | Reached skill level 15 in Hexes
 11703 | Orc:1    | Reached skill level 15 in Summonings
 11703 | Orc:1    | Reached skill level 15 in Necromancy
 11703 | Orc:1    | Reached skill level 15 in Translocations
 11703 | Orc:1    | Reached skill level 15 in Transmutations
 11703 | Orc:1    | Reached skill level 15 in Fire Magic
 11703 | Orc:1    | Reached skill level 15 in Ice Magic
 11703 | Orc:1    | Reached skill level 15 in Air Magic
 11703 | Orc:1    | Reached skill level 15 in Earth Magic
 11703 | Orc:1    | Reached skill level 15 in Poison Magic
 11856 | Orc:2    | Entered Level 2 of the Orcish Mines
 11858 | Orc:2    | Found a flickering gateway to a bazaar.
 11959 | Bazaar   | Entered a bazaar
 11967 | Bazaar   | Found Yptehek's Antique Armour Shop.
 11973 | Bazaar   | Found Woleif's Armour Boutique.
 11998 | Bazaar   | Found Nuteg's Magic Scroll Emporium.
 12010 | Bazaar   | Found Vuwnoi's Armour Emporium.
 12299 | Orc:2    | Found a runed translucent door.
 12370 | Orc:2    | Found a staircase to the Elven Halls.
 12390 | Orc:2    | Noticed Graknight's ghost (journeyman GrFi)
 12668 | Orc:2    | Killed from afar by an orc sorcerer

Illustrated notes

Levels and vault maps discovered:
D:1:      kilobyte_arrival_exit_the_forest, layout_rooms, serial_curves,
          eino_curves_01, eino_curves_03, eino_curves_04, eino_curves_04,
          kennysheep_minor_cross
D:2:      layout_loops_ring, hellmonk_ecumenical_altar_blasted, serial_forest,
          infiniplex_forest_clump_long, infiniplex_forest_straight_3,
          infiniplex_forest_3_way, infiniplex_forest_clump_double,
          infiniplex_forest_lined_room_2, infiniplex_forest_clump_small,
          kennysheep_nub, grunt_ministairs_5
D:3:      layout_basic, mainiacjoe_overflow_swirl,
          mainiacjoe_overflow_small_starburst
D:4:      wad_woods_tower, layout_loops_ring, serial_shops, shop, shop, shop,
          shop, st_stairs_5
D:5:      layout_layer_cave, minmay_temple_entry_purple_smoke,
          nicolae_shop_unique_rings
D:6:      layout_rooms, mainiacjoe_overflow_big_doors,
          ebering_ghost_reflecting_pool, kennysheep_small_square
D:7:      layout_basic, nicolae_qazlal_scattered_showers, minivault_5,
          uniq_joseph
D:8:      layout_basic, minivault_1, grunt_decor_fettered, uniq_jeremiah,
          uniq_grum
D:9:      layout_basic, overflow_temple_1_default, minivault_16, uniq_maurice,
          uniq_pikel, uniq_erica
D:10:     layout_gridville, minmay_orc_entry_temple_small, enter_bailey_3,
          uniq_maggie
Temple:   hellmonk_temple_two_chambers
Orc:1:    dreamdust_wu_jian_sword_trials, layout_caves, basic_altar, uniq_snorg,
          uniq_urug
Orc:2:    hellmonk_orc_salted, layout_caves, basic_altar,
          ebering_ghost_reflecting_pool, serial_shops, bzr_firewalk

Skill      XL: |  1  2  3  4  5  6  7  8  9 10 11 12 |
---------------+-------------------------------------+-----
Spellcasting   | 4 5 6 7 8 10 12 14 15 | 15.5
Conjurations   | 4 5 6 7 8 10 12 14 15 | 15.5
Hexes          | 4 5 6 7 8 10 12 14 15 | 15.5
Summonings     | 4 5 6 7 8 10 12 14 15 | 15.5
Necromancy     | 4 5 6 7 8 10 12 14 15 | 15.5
Translocations | 4 5 6 7 8 10 12 14 15 | 15.5
Transmutations | 4 5 6 7 8 10 12 14 15 | 15.5
Fire Magic     | 4 5 6 7 8 10 12 14 15 | 15.5
Ice Magic      | 4 5 6 7 8 10 12 14 15 | 15.5
Air Magic      | 4 5 6 7 8 10 12 14 15 | 15.5
Earth Magic    | 4 5 6 7 8 10 12 14 15 | 15.5
Poison Magic   | 4 5 6 7 8 10 12 14 15 | 15.5
Dodging        | |  2.1
Stealth        | |  1.5

Action                     |  1- 3 |  4- 6 |  7- 9 | 10-12 || total
---------------------------+-------+-------+-------+-------++-------
  Melee: Scimitar          |       |       |       |    18 ||    18
   Cast: Magic Dart        |    32 |    61 |   144 |   127 ||   364
         Searing Ray       |     3 |     4 |     4 |     8 ||    19
         Iskenderun's Myst |       |     6 |    40 |   180 ||   226
         Fulminant Prism   |       |       |    13 |    29 ||    42
         Ensorcelled Hiber |       |       |       |     1 ||     1
         Petrify           |       |       |       |     1 ||     1
  Evoke: Wand              |       |       |       |     1 ||     1
   Stab: Sleeping          |       |       |       |     4 ||     4
 Armour: Leather armour    |     9 |    11 |    31 |    12 ||    63
         Ring mail         |       |       |       |    52 ||    52
  Dodge: Dodged            |    12 |     8 |    14 |    50 ||    84
  Block: Buckler           |       |       |       |    35 ||    35
         Reflection        |       |       |       |     5 ||     5

Table legend: (Time is in decaauts)
 A = Elapsed time spent in this place.
 B = Non-inter-level travel time spent in this place.
 C = Inter-level travel time spent in this place.
 D = Time resting spent in this place.
 E = Time spent auto-exploring this place.
 F = Levels seen in this place.
 G = Mean time per level.
                   A        B        C        D        E       F      G
               +--------+--------+--------+--------+--------+-----+--------+
         Total |  12685 |  11930 |    755 |   2712 |   7001 |  15 |  845.7 |
       Dungeon |  10063 |   9436 |    627 |   1679 |   6109 |  10 | 1006.3 |
        Temple |      1 |      1 |      0 |      0 |      0 |   1 |    1.0 |
  Orcish Mines |   1992 |   1865 |    127 |    843 |    650 |   2 |  996.0 |
        Bazaar |     84 |     84 |      0 |      0 |     54 |   1 |   84.0 |
        Bailey |    543 |    543 |      0 |    190 |    188 |   1 |  543.0 |
               +--------+--------+--------+--------+--------+-----+--------+

Top non-repeatable levels by time:
    D:10: 1720 daAuts
     D:5: 1400 daAuts
   Orc:1: 1266 daAuts
     D:9: 1172 daAuts
     D:4: 1029 daAuts
     D:7: 1000 daAuts
     D:2: 913 daAuts
     D:1: 766 daAuts
     D:8: 739 daAuts
   Orc:2: 726 daAuts
     D:6: 670 daAuts
     D:3: 649 daAuts
  Bailey: 543 daAuts
  Bazaar: 84 daAuts
  Temple: 1 daAuts
